 Dungeon Crawl Stone Soup version 0.31-a0-198-g2ad674f65e (webtiles) character file.

Game seed: 13278979063275439297

76 qw the Shooter (level 4, -1/25 HPs)
             Began as a Deep Elf Hunter on June 25, 2023.
             Slain by a gnoll
             ... wielding a +0 flail
              (8 damage)
             ... on level 6 of the Dungeon.
             The game lasted 00:00:37 (1260 turns).

qw the Shooter (Deep Elf Hunter)                    Turns: 1260, Time: 00:00:37

Health: -1/25      AC:  5    Str: 10    XL:     4   Next: 12%
Magic:  6/6        EV: 11    Int: 14    God:
Gold:   105        SH:  0    Dex: 18    Spells: 3/3 levels left

rFire   + . .        Y - +0 shortbow
rCold   . . .        (shield currently unavailable)
rNeg    . . .        h - +0 ring mail
rPois   .            (no helmet)
rElec   .            (no cloak)
rCorr   .            (no gloves)
SInv    .            (no boots)
Will    .....        (no amulet)
Stlth   +            j - ring of protection from fire
HPRegen 0.24/turn    (no ring)
MPRegen 0.10/turn

%: no passive effects
@: no status effects
A: no striking features
a: no special abilities


You were on level 6 of the Dungeon.
You visited 1 branch of the dungeon, and saw 4 of its levels.

You collected 105 gold pieces.


   Skills:
 - Level 1.5 Fighting
 + Level 7.5 Ranged Weapons
 - Level 2.4 Dodging
 - Level 1.2 Stealth


You had 3 spell levels left.
You didn't know any spells.
Your spell library was empty.

Inventory:

Hand Weapons
 Y - a +0 shortbow (weapon)
Armour
 h - a +0 ring mail (worn)
Jewellery
 c - a ring of fire
 j - a ring of protection from fire (left hand)
Scrolls
 a - 2 scrolls of identify
 b - a scroll of enchant weapon {unknown}
Potions
 d - a potion of enlightenment
 e - 2 potions of curing

Dungeon Overview and Level Annotations

Branches:
Dungeon (3/15)

Altars:
Gozag

Shops:
D:2 (


Message History

You fall into a shaft and drop 3 floors!
The shaft crumbles and collapses.
Found a book of Touch.
Waypoint 3 assigned to D:6.
A gnoll comes into view. It is wielding a +0 whip.
The gnoll shouts!
You hear a shout!
A gnoll comes into view. It is wielding a +0 club.
You shoot an arrow. The gnoll shouts!
The arrow hits the gnoll.
The gnoll is moderately wounded.
A gnoll comes into view. It is wielding a +0 flail.
You shoot an arrow. The arrow hits the gnoll.
The gnoll is severely wounded.
You shoot an arrow. The arrow hits the gnoll.
The gnoll is almost dead.
The gnoll hits you but does no damage.
You shoot an arrow. The arrow hits the gnoll.
You kill the gnoll!
A gnoll comes into view. It is wielding a +0 club.
You shoot an arrow.
The arrow hits the gnoll but does no damage.
The gnoll hits you with a +0 club.
You shoot an arrow.
The arrow hits the gnoll but does no damage.
The gnoll hits you with a +0 club.
You shoot an arrow. The arrow hits the gnoll!
The gnoll is severely wounded.
The gnoll barely misses you.
You shoot an arrow. The arrow hits the gnoll!
You kill the gnoll!
The gnoll hits you with a +0 flail.
You have reached level 4!
You feel clever.
You shoot an arrow. The arrow hits the gnoll.
The gnoll is lightly wounded.
The gnoll hits you with a +0 club. The gnoll hits you with a +0 flail.
You shoot an arrow. The arrow hits the gnoll.
The gnoll is heavily wounded.
The gnoll hits you but does no damage. The gnoll hits you with a +0 flail!
You die...

.# #####.# ......#
......# ......# $.....#
###g...... ###.@g......
############...##...:..
#......##....### .....
#..........### ....
#..........# ...
#..........# ..
#......##### # #......#
###.####


You could see 2 gnolls.

Vanquished Creatures
  2 gnolls (D:6)
  An adder (D:3)
  2 dart slugs
  2 ball pythons
  2 endoplasms (D:1)
  2 giant cockroaches
  4 hobgoblins
  3 jackals (D:1)
  2 quokkas (D:1)
  6 bats
  3 frilled lizards
  5 goblins
  5 kobolds
  5 rats
44 creatures vanquished.

Notes
Turn   | Place    | Note
-------+----------+-------------------------------------------
     0 | D:1      | qw the Deep Elf Hunter began the quest for the Orb.
     0 | D:1      | Reached XP level 1. HP: 12/12 MP: 3/3
     0 | D:1      | 0 ||| qw: Version: 0.3-a-22-g0ed2b0b
     0 | D:1      | 0 ||| qw: Game counter: 5104
     0 | D:1      | 0 ||| qw: Melee chars always use a shield: true
     0 | D:1      | 0 ||| qw: God list: Okawaru
     0 | D:1      | 0 ||| qw: Allow faded altars: false
     0 | D:1      | 0 ||| qw: Do Orc after clearing Dungeon:15 true
     0 | D:1      | 0 ||| qw: Do second Lair branch before Depths: true
     0 | D:1      | 0 ||| qw: Lair rune preference: random
     0 | D:1      | 0 ||| qw: Goals: Normal
     0 | D:1      | 0 ||| PLANNING D:1-11
   186 | D:1      | Reached XP level 2. HP: 16/16 MP: 4/4
   203 | D:1      | Reached skill level 6 in Ranged Weapons
   299 | D:1      | Found a faded altar of an unknown god.
   382 | D:1      | Reached XP level 3. HP: 20/20 MP: 5/5
   621 | D:1      | 621 ||| UPGRADING to +0 ring mail.
   631 | D:1      | 631 ||| DROPPING +0 leather armour.
   632 | D:1      | 632 ||| READING 3 scrolls labelled GUEPNI SEBBOADD.
   633 | D:1      | 633 ||| READING scroll labelled FYCETA GEOSE.
   636 | D:1      | 636 ||| READING 2 scrolls of identify.
   636 | D:1      | 636 ||| IDENTIFYING fuming amethyst potion
   637 | D:1      | 637 ||| DROPPING scroll of butterflies.
   846 | D:2      | Found Johataid's Weapon Boutique.
   856 | D:2      | 856 ||| SHOPLISTING +2 longbow of draining (260 gold, have
                  | 91).
   924 | D:2      | Reached skill level 7 in Ranged Weapons
   951 | D:2      | Found an opulent altar of Gozag.
  1093 | D:2      | 1093 ||| UPGRADING to ring of protection from fire.
  1094 | D:2      | 1094 ||| READING scroll labelled SUSTAG LICROU.
  1095 | D:2      | 1095 ||| DRINKING 3 silvery potions.
  1096 | D:2      | 1096 ||| DRINKING 3 yellow potions.
  1097 | D:2      | 1097 ||| READING 3 scrolls of identify.
  1097 | D:2      | 1097 ||| IDENTIFYING bubbling orange potion
  1098 | D:2      | 1098 ||| READING 2 scrolls of identify.
  1098 | D:2      | 1098 ||| IDENTIFYING fuming golden potion
  1099 | D:2      | 1099 ||| DROPPING 2 potions of attraction.
  1100 | D:2      | 1100 ||| DROPPING potion of degeneration.
  1101 | D:2      | 1101 ||| DROPPING potion of magic.
  1237 | D:3      | You fall into a shaft and drop 3 floors!
  1259 | D:6      | Reached XP level 4. HP: 13/25 MP: 6/6
  1260 | D:6      | Slain by a gnoll

Levels and vault maps discovered:
D:1:      spicycebolla_arrival_clurvy, layout_loops_ring,
          dreamdust_ecumenical_altar_grove, chequers_jeans,
          ebering_dispersal_statue_hall
D:2:      layout_basic, basic_altar, serial_shops, shop
D:3:      layout_basic, grunt_ministairs_5
D:6:      layout_basic, kennysheep_opposing_triangles

Skill      XL: |  1  2  3 |
---------------+----------+-----
Ranged Weapons | 6 7 |  7.5
Fighting       | |  1.5
Dodging        | |  2.4
Stealth        | |  1.2

Action                     |  1- 3 |  4- 6 || total
---------------------------+-------+-------++-------
   Fire: Shortbow          |   136 |     2 ||   138
    Use: Scroll            |     6 |       ||     6
         Potion            |     2 |       ||     2
 Armour: Leather armour    |    11 |       ||    11
         Ring mail         |    24 |     1 ||    25
  Dodge: Dodged            |    54 |       ||    54

Table legend:
 A = Non-vault XP
 B = Vault XP
 C = Vault XP percentage of total XP
 D = Non-vault monster count
 E = Vault monster count
 F = Vault count percentage of total count
                 A         B        C        D         E       F
            +---------+---------+-------+---------+---------+-------
      Total |     109 |       0 |   0.0 |      44 |       0 |   0.0
            +---------+---------+-------+---------+---------+-------
        D:1 |      43 |       0 |   0.0 |      25 |       0 |   0.0
        D:2 |      24 |       0 |   0.0 |      15 |       0 |   0.0
        D:3 |      14 |       0 |   0.0 |       2 |       0 |   0.0
        D:6 |      28 |       0 |   0.0 |       2 |       0 |   0.0
            +---------+---------+-------+---------+---------+-------
